[Event "BL 2024-25"]
[Site "Austria"]
[Date "2024.10.09"]
[Round "1.26"]
[White "Karthik Venkataraman"]
[Black "Vitouch, Anatol"]
[Result "1-0"]
[ECO "D02"]
[WhiteElo "2581"]
[BlackElo "2287"]
[Annotator "TA"]
[PlyCount "83"]
[EventDate "2024.08.28"]
[EventType "team-tourn"]
[EventCountry "AUT"]
[SourceTitle "playchess.com"]
[Source "ChessBase"]
[SourceQuality "1"]
[WhiteTeam "Feffernitz"]
[BlackTeam "Pamhagen"]
[TimeControl "40/5400+30:1800+30"]

1. Nf3 d5 2. g3 c5 3. Bg2 Nc6 4. d4 Nf6 5. O-O cxd4 6. Nxd4 e5 7. Nxc6 bxc6 {[%emt 0:00:05] [#]} 8. c4 $1 Rb8 (8... Be6 9. Qa4) 9. Qa4 {[%emt 0:10:12] Threatens to win with cxd5.} Rb4 ({Black should try} 9... Bd7 $11) 10. Qxc6+ $14 Bd7 {[%emt 0:00:16] White is slightly better.} 11. Qa6 Ra4 12. Qb7 {[%emt 0:00:20] Strongly threatening b3.} Rxc4 13. Nc3 (13. Bxd5 $2 Rb4 14. Bxf7+ (14. Qxa7 $2 Nxd5 15. Qa3 Be7 $19) (14. Qa8 $2 Rb8 $19) 14... Kxf7 15. Qxa7 Qc8 $19) 13... Rc7 14. Qa6 {[%emt 0:01:25][%cal Oc1g5] aiming for Bg5!} Be6 (14... Rc6 $1 $14 15. Qxa7 Bc5) 15. Bg5 Be7 16. Bxf6 Bxf6 17. Qb5+ Qd7 18. Bxd5 Qxb5 19. Nxb5 Rc5 {[%emt 0:00:19] [#]} 20. Rfd1 {[%emt 0:04:16] And now b4 would win. White is more active.} O-O (20... Rxb5 21. Bc6+ Ke7 22. Bxb5 $18) 21. Nc3 (21. Nxa7 $2 {perishes.} Rxd5 (21... Bxd5 22. b4 $17) 22. Rxd5 Bxd5 $19) 21... Bf5 22. Be4 Bxe4 23. Nxe4 Rc2 24. Kf1 Rxb2 25. Rd7 $36 {[%emt 0:00:05][%mdl 2048] White has some pressure.} a5 26. Ra7 Rb4 (26... Bd8 $14) 27. Nxf6+ $16 gxf6 28. Rxa5 {[%emt 0:00:06][%mdl 4096] Endgame. KRR-KRR} Rc8 29. a4 Rc2 30. Rb5 Rxb5 {[%emt 0:01:43] Loses the game.} (30... Rd4 $16) 31. axb5 {[%emt 0:00:01] KR-KR} Rb2 32. Ra8+ Kg7 33. Rb8 Rb1+ 34. Kg2 f5 35. b6 Kf6 36. f3 Ke6 $2 (36... Rb2 {keeps fighting.} 37. Kf2 Rb3) 37. b7 $18 Ke7 {[%emt 0:00:12] Wards off Re8+} 38. Kf2 Rb3 39. Ke1 h6 40. Kd2 Kd6 (40... e4 $142 41. Kc2 Rb5 42. fxe4 fxe4) 41. Rd8+ Kc7 42. Rf8 {[%emt 0:00:05] Weighted Error Value: White=0.08 (flawless) /Black=0.27 (precise) .  Mistake:       	---       	Black=6      Inaccurate:     	---       	Black=1      OK:         	White=17    	Black=9      Best:        	White=2     	Black=5} 1-0

[Event "BL 2024-25"]
[Site "Austria"]
[Date "2024.10.09"]
[Round "1.27"]
[White "Lovrinovic, Christian"]
[Black "Ghosh, Diptayan"]
[Result "1/2-1/2"]
[ECO "E20"]
[WhiteElo "2053"]
[BlackElo "2566"]
[Annotator "RC"]
[PlyCount "73"]
[EventDate "2024.08.28"]
[EventType "team-tourn"]
[EventCountry "AUT"]
[SourceTitle "playchess.com"]
[Source "ChessBase"]
[SourceQuality "1"]
[WhiteTeam "Pamhagen"]
[BlackTeam "Feffernitz"]
[TimeControl "40/5400+30:1800+30"]

1. d4 Nf6 2. c4 e6 3. Nc3 Bb4 4. g3 O-O 5. Bg2 d6 6. Nf3 Bxc3+ 7. bxc3 Nc6 8. Qd3 e5 9. Nd2 Nd7 10. e4 Qf6 11. Nb3 a5 12. a4 Nb6 13. d5 Ne7 14. c5 Nd7 15. cxd6 cxd6 16. O-O b6 17. Ba3 Ba6 18. c4 Ng6 19. Rfc1 Rfc8 20. Bh3 Ngf8 21. Rc3 Rc7 22. Rac1 Bc8 23. Bf1 h6 24. Qf3 Qe7 25. Bd3 Nh7 26. Qe3 Nhf6 27. f3 Ne8 28. Be2 Rb7 29. Rb1 Nc7 30. Rcc1 Na6 31. f4 f6 32. Bg4 Nf8 33. Bxc8 Rxc8 34. f5 Nd7 35. Nxa5 Rbc7 36. Nc6 Qf8 37. Rb5 1/2-1/2

[Event "BL 2024-25"]
[Site "Austria"]
[Date "2024.10.09"]
[Round "1.28"]
[White "Kunin, Vitaly"]
[Black "Fleischhacker, Christian"]
[Result "1-0"]
[ECO "D56"]
[WhiteElo "2528"]
[BlackElo "1873"]
[Annotator "TA"]
[PlyCount "51"]
[EventDate "2024.08.28"]
[EventType "team-tourn"]
[EventCountry "AUT"]
[SourceTitle "playchess.com"]
[Source "ChessBase"]
[SourceQuality "1"]
[WhiteTeam "Feffernitz"]
[BlackTeam "Pamhagen"]
[TimeControl "40/5400+30:1800+30"]

1. d4 d5 2. c4 e6 3. Nc3 Nf6 4. Bg5 Be7 5. e3 O-O 6. Nf3 h6 7. Bh4 Ne4 8. Bxe7 Nxc3 (8... Qxe7 $11 {and Black stays safe.} 9. Rc1 Rd8) 9. Bxd8 $18 (9. bxc3 Qxe7 10. cxd5 exd5 $15) 9... Nxd1 10. Be7 {[%emt 0:00:14] White is clearly better.} (10. Bxc7 Nxb2 11. c5 b6 $16) 10... Nxb2 11. Bxf8 Kxf8 12. c5 Bd7 $2 {[%emt 0:14:52] [#]} (12... b6 $16 {is a better defense.}) 13. Rb1 Nc4 14. Rxb7 Na6 (14... Na5 {keeps fighting.}) 15. Bxc4 dxc4 16. Ne5 Ke7 17. Nxd7 ({Much less strong is} 17. Nxc4 Bc6 $18) 17... Kxd7 {[%emt 0:00:08][%mdl 4096] Endgame. KRR-KRN} 18. Kd2 Nb8 19. Kc3 Nc6 20. e4 {[%emt 0:00:18][%cal Be3e4,Be4d5,Bd5d6,Bd6c7][%mdl 32] White is clearly winning.} ({And not} 20. Kxc4 Na5+ 21. Kb5 Nxb7 $11) 20... f6 21. d5 ({Not} 21. Kxc4 Na5+ 22. Kb5 Nxb7 $14) 21... exd5 22. exd5 Ne5 23. d6 Rc8 24. Rxa7 Nc6 25. Rxc7+ Rxc7 26. dxc7 {[%emt 0:00:11] Black got outplayed after the opening.   Weighted Error Value: White=0.17 (very precise) /Black=0.71.  Loses game:     	---       	Black=1      Mistake:       	---       	Black=2      Inaccurate:     	White=1     	Black=1      OK:         	White=8     	Black=4      Best:        	White=3     	---} 1-0

[Event "BL 2024-25"]
[Site "Austria"]
[Date "2024.10.09"]
[Round "1.29"]
[White "Horvath, Maria"]
[Black "Pajeken, Jakob Leon"]
[Result "0-1"]
[ECO "D04"]
[WhiteElo "1893"]
[BlackElo "2423"]
[Annotator "RC"]
[PlyCount "38"]
[EventDate "2024.08.28"]
[EventType "team-tourn"]
[EventCountry "AUT"]
[SourceTitle "playchess.com"]
[Source "ChessBase"]
[SourceQuality "1"]
[WhiteTeam "Pamhagen"]
[BlackTeam "Feffernitz"]
[TimeControl "40/5400+30:1800+30"]

1. d4 Nf6 2. Nf3 d5 3. e3 c5 4. b3 Nc6 5. Bb2 cxd4 6. exd4 Bg4 7. h3 Bh5 8. g4 Bg6 9. Nh4 Be4 10. Rg1 e6 11. Nd2 Bd6 12. Nxe4 Nxe4 13. Nf3 Bb4+ 14. Ke2 Bc3 15. Qc1 Qa5 16. a3 Nxd4+ 17. Nxd4 Bxb2 18. Qxb2 Qd2+ 19. Kf3 Qxf2# 0-1

[Event "BL 2024-25"]
[Site "Austria"]
[Date "2024.10.09"]
[Round "1.31"]
[White "Sarana, Alexey"]
[Black "Dragnev, Valentin"]
[Result "0-1"]
[ECO "E45"]
[WhiteElo "2717"]
[BlackElo "2562"]
[Annotator "TA"]
[PlyCount "76"]
[EventDate "2024.08.28"]
[EventType "team-tourn"]
[EventCountry "AUT"]
[SourceTitle "playchess.com"]
[Source "ChessBase"]
[SourceQuality "1"]
[WhiteTeam "Linz"]
[BlackTeam "Ottakring"]
[TimeControl "40/5400+30:1800+30"]

1. d4 Nf6 2. c4 e6 3. Nc3 Bb4 4. e3 b6 5. Nge2 Ba6 6. a3 Be7 7. Nf4 d5 8. cxd5 Bxf1 9. Kxf1 exd5 10. g4 O-O 11. g5 Ne4 12. Nfxd5 {[%emt 0:00:32] The position is equal.} Nxc3 13. Nxe7+ Qxe7 14. bxc3 Nc6 15. Rg1 Na5 16. Rb1 Qe4 {[%emt 0:15:10] Dodges Qd3} 17. Rb4 Rad8 18. Qe2 Rfe8 {[%emt 0:05:59][%mdl 1024] Black has compensation.} 19. f3 Qc6 20. Bd2 Qe6 21. Rg4 (21. e4 $11) 21... c5 $17 22. Rb1 Qa2 (22... Nc4 23. Bc1 $11) 23. Rd1 Qxa3 {[%emt 0:04:01] Black is more active.} 24. Qd3 (24. Kf2 $15) 24... Qb3 25. Qb1 Qe6 26. Bc1 Nc4 $36 {[%emt 0:01:11][%mdl 2048] Black is really pushing.} 27. Re1 {[%emt 0:01:56] White does not recover from this.} (27. e4 $17 {is a better defense.}) 27... cxd4 $19 28. cxd4 a5 29. Kf2 (29. Qb5 $17) 29... Qc6 30. Qf5 (30. h4 $142) 30... Rd5 31. Qc2 b5 32. Bb2 (32. Bd2 $142) 32... Qd6 33. Kg1 (33. f4 {keeps fighting.}) 33... Rxe3 ({Not} 33... Nxe3 34. Qc3 f5 35. Rxe3 $11 (35. gxf6 Nxg4 36. Rxe8+ Kf7 $16)) 34. Rd1 (34. Rxe3 $142 Nxe3 35. Qc8+ Qd8 36. Qxd8+ Rxd8 37. Rh4) 34... Qg6 {[%emt 0:00:19] Black is clearly winning.} 35. Qg2 Nxb2 36. Qxb2 Rxg5 (36... Rxf3 $2 {perishes.} 37. Qe2 h5 38. Qxf3 $18) 37. Rxg5 Qxg5+ 38. Kf2 {[%emt 0:00:05] [#] Qc1 is the strong threat.} Qf4 {[%emt 0:00:30][%csl LRf3,LRh2] Weighted Error Value: White=0.56/Black=0.21 (precise) .  Mistake:       	White=8     	---        Inaccurate:     	White=4     	---        OK:         	White=7     	Black=10     Best:        	White=1     	Black=1} 0-1

[Event "BL 2024-25"]
[Site "Austria"]
[Date "2024.10.09"]
[Round "1.32"]
[White "Peyrer, Konstantin"]
[Black "Andreikin, Dmitry"]
[Result "0-1"]
[ECO "A30"]
[WhiteElo "2415"]
[BlackElo "2729"]
[Annotator "TA"]
[PlyCount "82"]
[EventDate "2024.08.28"]
[EventType "team-tourn"]
[EventCountry "AUT"]
[SourceTitle "playchess.com"]
[Source "ChessBase"]
[SourceQuality "1"]
[WhiteTeam "Ottakring"]
[BlackTeam "Linz"]
[TimeControl "40/5400+30:1800+30"]

1. Nf3 Nf6 2. c4 b6 3. g3 Bb7 4. Bg2 g6 5. b3 Bg7 6. Bb2 O-O 7. O-O c5 8. Nc3 a6 9. e3 d6 10. d4 Nbd7 11. d5 {[%emt 0:02:51] Weiß steht etwas besser.} b5 12. a4 (12. Qc2 $14) 12... Nxd5 $11 13. cxd5 {[%emt 0:01:32] Schwarz muss nun Rb1 beachten.} b4 14. Rc1 Qa5 (14... bxc3 {vereinfacht} 15. Bxc3 Bxc3 16. Rxc3 Nf6) 15. Nd2 {[%emt 0:08:02][%cal Oc3e4] Zielt auf Nce4! ab.} Nb6 ({Viel schlechter ist} 15... Bxc3 16. Nc4 Qd8 17. Bxc3 bxc3 18. a5 $14 (18. Rxc3 a5 $11)) 16. Nde4 Rab8 (16... c4 $5 17. bxc4 Nxc4 $11) 17. Qc2 bxc3 18. Bxc3 Bxc3 19. Qxc3 (19. Nxc3 $11 Bc8 20. h3) 19... Qxc3 20. Nxc3 a5 21. Rfd1 Ba6 22. Bf1 Bxf1 23. Kxf1 c4 24. Rb1 cxb3 25. Rxb3 Nc4 26. Nb5 Rfc8 27. Ke2 {[%emt 0:03:25] [#]} (27. Rdd3 $11 {bleibt in der Remisbreite.}) 27... Nb6 $1 $17 28. Nc3 {[%emt 0:01:51] [#]} (28. Rd4 $142) 28... Nxa4 $1 29. Rxb8 Nxc3+ 30. Kd3 Rxb8 31. Kxc3 {[%emt 0:00:07][%mdl 4096] Endspiel. KR-KR} f5 32. Rd4 Kg7 33. f4 (33. Ra4 $17 {war einen Versuch wert.}) 33... Kf6 $19 34. h3 (34. Ra4 $142) 34... h5 {[%emt 0:05:05] ...Rb1 wäre nun fies.} 35. Ra4 (35. Kc2 {war erzwungen.}) 35... Rb1 36. Rxa5 Rh1 37. g4 $2 (37. h4) 37... fxg4 {[%emt 0:00:29] Schwarz steht klar auf Gewinn.} 38. hxg4 hxg4 39. Ra2 Kf5 40. Rg2 Rh3 41. Kd4 g3 {[%emt 0:30:09] Gewichteter Fehlerwert: Weiß=0.60/Schwarz=0.10 (sehr präzise) .  Fehler:       	Weiß=8     	---        Ungenau:       	---       	Schwarz=3     OK:         	Weiß=10    	Schwarz=14    Bester:       	Weiß=2     	Schwarz=3     Stark:        	---       	Schwarz=1     Brilliant:      	---       	Schwarz=1} 0-1

[Event "BL 2024-25"]
[Site "Austria"]
[Date "2024.10.09"]
[Round "1.33"]
[White "Vitiugov, Nikita"]
[Black "Froewis, Georg"]
[Result "1-0"]
[ECO "A13"]
[WhiteElo "2667"]
[BlackElo "2429"]
[Annotator "TA"]
[PlyCount "91"]
[EventDate "2024.08.28"]
[EventType "team-tourn"]
[EventCountry "AUT"]
[SourceTitle "playchess.com"]
[Source "ChessBase"]
[SourceQuality "1"]
[WhiteTeam "Linz"]
[BlackTeam "Ottakring"]
[TimeControl "40/5400+30:1800+30"]

1. Nf3 d5 2. b3 Nf6 3. Bb2 e6 4. c4 Be7 5. g3 O-O 6. Bg2 a5 7. Nc3 c6 8. O-O b6 9. d3 {[%emt 0:03:00] Weiß hat minimalen Vorteil.} Ba6 10. e4 Ra7 11. e5 Nfd7 12. Ne2 (12. a4 $14 {kam in Betracht.}) 12... b5 $11 13. Qc2 a4 14. cxd5 cxd5 15. Rac1 Nb6 (15... Bb7 $11) 16. Nf4 Qd7 17. Bd4 Rb7 18. Nh5 Rc8 19. Qd2 Qd8 20. Qf4 {[%emt 0:06:39][%cal Oh5f6] [#] Zielt auf Nf6+! ab.} (20. Rxc8 {vereinfacht} Nxc8 21. Rc1 axb3 22. axb3 Na7 23. Qf4) 20... Nc6 21. Bc5 Bxc5 (21... b4 {vereinfacht} 22. Bxe7 Nxe7 23. Rxc8 Nbxc8 24. Qd2 Nc6) 22. Rxc5 Nd7 23. Rc2 Nf8 24. Rfc1 $40 {[%emt 0:02:43][%mdl 128] Weiss greift an.} Rbc7 25. Qd2 axb3 26. axb3 b4 27. Bf1 d4 {[%emt 0:04:28] [#]} (27... Ng6 $11 {hält das Gleichgewicht.} 28. d4 Bxf1 29. Kxf1 h6) 28. Qg5 $1 $16 {[%emt 0:09:42] Weiß hat aktiveres Spiel.} Qxg5 29. Nxg5 {[%emt 0:00:02] Und jetzt Ne4 wäre schön.} Ng6 30. Nf3 (30. f4 $16) 30... Ncxe5 (30... Bb7 $14) 31. Rxc7 Nxf3+ 32. Kh1 Rb8 (32... Rxc7 $16 33. Rxc7 Kf8) 33. Ra1 Bb5 34. Be2 Nfe5 35. Raa7 Bc6+ 36. Kg1 {[%emt 0:00:01] Und f4 würde nun gewinnen.} Bf3 37. Bxf3 Nxf3+ 38. Kf1 ({Vorzuziehen ist} 38. Kg2 $18 {[%cal Oc7f7] Droht stark Rxf7!} Nge5 39. g4) 38... Nge5 39. Ke2 h6 40. h4 (40. h3 $142) 40... g5 $2 {[%emt 0:00:12][%mdl 8192] Wehrt Nf4 ab. Das kostet Schwarz die Partie.} (40... Ng1+ $16 41. Kd1 Ngf3) 41. Nf6+ $18 {[%emt 0:32:19] Weiß steht klar auf Gewinn.} Kg7 42. Nd7 Nxd7 (42... Rg8 $142 43. Nxe5 Nxe5 44. hxg5 hxg5) 43. Kxf3 Ne5+ 44. Ke4 Rb5 45. hxg5 {[%emt 0:00:00] f4 wäre nun fies.} hxg5 46. f4 {[%emt 0:00:00] Gewichteter Fehlerwert: Weiß=0.16 (sehr präzise) /Schwarz=0.44.  Verlustzug:     	---       	Schwarz=1     Fehler:       	Weiß=4     	Schwarz=5     Ungenau:       	Weiß=2     	Schwarz=2     OK:         	Weiß=10    	Schwarz=16    Bester:       	Weiß=5     	---        Stark:        	Weiß=1     	---} 1-0

[Event "BL 2024-25"]
[Site "Austria"]
[Date "2024.10.09"]
[Round "1.34"]
[White "Balint, Peter"]
[Black "Rodshtein, Maxim"]
[Result "0-1"]
[ECO "B89"]
[WhiteElo "2375"]
[BlackElo "2613"]
[Annotator "TA"]
[PlyCount "126"]
[EventDate "2024.08.28"]
[EventType "team-tourn"]
[EventCountry "AUT"]
[SourceTitle "playchess.com"]
[Source "ChessBase"]
[SourceQuality "1"]
[WhiteTeam "Ottakring"]
[BlackTeam "Linz"]
[TimeControl "40/5400+30:1800+30"]

1. e4 c5 2. Nf3 d6 3. d4 cxd4 4. Nxd4 Nf6 5. Nc3 Nc6 6. Bc4 e6 7. Be3 Bd7 8. Qe2 a6 9. Bb3 Na5 {[%emt 0:08:43] B89: Sicilian: Velimirovic Attack.} 10. O-O-O b5 11. g4 b4 12. Na4 Nxb3+ 13. axb3 Nxe4 14. f3 Nc5 15. Nf5 Qc7 16. Nxc5 dxc5 17. Qd2 $146 (17. Bf2 $11 {and White is okay.}) ({Predecessor:} 17. Rhe1 g6 18. Ng3 Bb5 19. Qf2 Be7 20. f4 O-O 21. f5 Rfd8 22. Ne4 Rxd1+ 23. Rxd1 exf5 24. gxf5 {1-0 Szymczuk,A (2061)-Spicak,K (2100) Mazowieckie-chT 0405 2004 (5)}) 17... O-O-O $2 (17... exf5 $19 18. Bf4 Qc6 19. Rhe1+ Kd8 20. gxf5 a5) 18. Nd6+ $11 Bxd6 19. Qxd6 Bc6 20. Qxc5 Bxf3 21. Rxd8+ (21. Qxc7+ {simplifies} Kxc7 22. Rxd8 Rxd8 23. Rf1) 21... Rxd8 22. Qxc7+ Kxc7 23. Rf1 Bxg4 24. Rxf7+ Kc6 25. Bd2 h5 26. Rxg7 Rf8 27. Bxb4 Rf1+ 28. Kd2 Rf2+ 29. Ke3 Rxc2 30. Bc3 Rxh2 31. Kf4 Rf2+ 32. Kg3 Rf3+ 33. Kh2 Kd5 34. Ra7 h4 35. Rxa6 h3 $1 36. Ra5+ Ke4 37. Ra4+ Kf5 38. Be1 (38. Ra5+ $17 Kf4 39. Be5+ Kf5 40. Bg3+ Kg6 41. Ra4) 38... Re3 (38... Rxb3 39. Bc3 $11) (38... e5 $1 $19 39. Ra8 Re3 (39... Rxb3 40. Bc3 $15)) 39. Bf2 $17 Re2 (39... Rd3 $17 {[%cal Od3d2] ...Rd2! is the strong threat.} 40. Ra8 Rd2 (40... Rxb3 41. Bd4 $17)) 40. Kg3 $11 h2 41. Ra1 Rxb2 42. Rf1 Be2 (42... Rxb3+ {simplifies} 43. Kxh2 e5 44. Bc5+ Ke6) 43. Rh1 e5 44. Kxh2 Bf3 45. Rf1 Kf4 46. Kg1 {[%emt 0:00:00] [#]} (46. Kh3 $1 $15) 46... e4 $1 $17 ({Much worse is} 46... Rxb3 $6 47. Bc5 $11) 47. Re1 Be2 $1 ({Don't play} 47... Rxb3 $6 48. Bc5 $11) 48. Bd4 Rd2 ({Of course not} 48... Rxb3 $6 49. Rxe2 e3 50. Kg2 $11) 49. Bc5 Kf3 50. b4 Rd5 51. Rb1 Bd3 (51... e3 $17 {Threatens to win with ...Bd3.} 52. Bxe3 Kxe3 53. Rb3+ Kf4) 52. Re1 $11 Be2 ({Black should try} 52... Rg5+ $11 53. Kh2 Be2) 53. Rb1 $1 $17 Rg5+ 54. Kh2 Rh5+ 55. Kg1 {[%emt 0:00:00] [#]} Rd5 $1 56. Ba7 Rd7 57. Bc5 e3 58. Rb3 Rd1+ 59. Kh2 Bd3 60. Bxe3 Kxe3 61. b5 $2 (61. Kg3 $17) 61... Kf4 62. Rb2 Be4 63. Kh3 Rd7 0-1

[Event "BL 2024-25"]
[Site "Austria"]
[Date "2024.10.09"]
[Round "1.35"]
[White "Shimanov, Aleksandr"]
[Black "Huber, Benedikt"]
[Result "1-0"]
[ECO "A13"]
[WhiteElo "2582"]
[BlackElo "2299"]
[Annotator "RC"]
[PlyCount "119"]
[EventDate "2024.08.28"]
[EventType "team-tourn"]
[EventCountry "AUT"]
[SourceTitle "playchess.com"]
[Source "ChessBase"]
[SourceQuality "1"]
[WhiteTeam "Linz"]
[BlackTeam "Ottakring"]
[TimeControl "40/5400+30:1800+30"]

1. c4 e6 2. g3 d5 3. Bg2 Nf6 4. Nf3 dxc4 5. Qa4+ Bd7 6. Qxc4 c5 7. Ne5 Qc8 8. Qd3 Nc6 9. Nxd7 Qxd7 10. Qxd7+ Kxd7 11. Nc3 Be7 12. b3 Rac8 13. Bb2 Ne8 14. e3 Bf6 15. f4 Nd6 16. Ke2 b6 17. Rab1 Rhd8 18. Rhc1 Rc7 19. g4 h6 20. Rf1 Ke7 21. a3 Na5 22. e4 Bxc3 23. Bxc3 f6 24. b4 cxb4 25. Bxb4 e5 26. fxe5 fxe5 27. Rfc1 Nc6 28. Bc3 Rdc8 29. Rf1 Nf7 30. Rb5 Rd7 31. Rd5 Ng5 32. Ke3 Ne6 33. Rf5 g6 34. Rxd7+ Kxd7 35. Rf7+ Kd6 36. Rh7 Nf4 37. Bf1 h5 38. g5 Ne6 39. h4 Rf8 40. Bc4 Rf4 41. Bxe6 Kxe6 42. d4 Nxd4 43. Bxd4 Rxh4 44. Bc3 Rh3+ 45. Kd2 Rh2+ 46. Kd1 Rh4 47. Rg7 Rxe4 48. Rxg6+ Kf5 49. Rg7 a5 50. Bd2 Ra4 51. Rf7+ Kg6 52. Rf6+ Kg7 53. Rxb6 Rxa3 54. Rh6 a4 55. Rxh5 Rg3 56. Rh6 a3 57. Ra6 e4 58. Ke2 a2 59. Rxa2 e3 60. Ra7+ 1-0

[Event "BL 2024-25"]
[Site "Austria"]
[Date "2024.10.09"]
[Round "1.36"]
[White "Steindl, Johannes"]
[Black "Bacrot, Etienne"]
[Result "0-1"]
[ECO "B12"]
[WhiteElo "2225"]
[BlackElo "2658"]
[Annotator "TA"]
[PlyCount "64"]
[EventDate "2024.08.28"]
[EventType "team-tourn"]
[EventCountry "AUT"]
[SourceTitle "playchess.com"]
[Source "ChessBase"]
[SourceQuality "1"]
[WhiteTeam "Ottakring"]
[BlackTeam "Linz"]
[TimeControl "40/5400+30:1800+30"]

1. e4 c6 2. d4 d5 3. f3 e6 4. Nc3 Bb4 5. a3 Bxc3+ 6. bxc3 dxe4 7. a4 {[%emt 0:02:21] [#]} c5 $1 8. Be3 {[%emt 0:11:59] Black has an edge.} (8. Nh3 Nf6) 8... cxd4 9. cxd4 Bd7 10. fxe4 Qh4+ 11. Bf2 Qxe4+ 12. Be2 Qxg2 13. Bf3 Qg5 {[%emt 0:00:48] Threatens to win with ...Bc6.} (13... Qg6 {simplifies} 14. Ne2 Nc6 15. Rb1 b6) 14. Bxb7 {[%emt 0:12:08] [#]} Bc6 $1 15. Bxc6+ (15. Bxa8 $2 Bxa8 16. Nh3 Qg2 $19) (15. Qb1 $142 Qa5+ 16. Ke2) 15... Nxc6 $17 16. Nf3 Qa5+ 17. Qd2 Nf6 18. Qxa5 Nxa5 19. Rb1 Ne4 20. Rb5 (20. O-O $17) 20... Nc4 $19 {[%emt 0:00:28] A dynamic duo of knights.} 21. O-O O-O 22. Ne5 Rfc8 {[%emt 0:02:54] Hoping for ...Ncd2.} 23. Rb7 f6 (23... Ncd6 $19 24. Rd7 Rxc2) 24. Nxc4 $17 Rxc4 25. Re7 (25. Re1 $17 {was necessary.} Ng5 26. Kg2) 25... Nxf2 26. Kxf2 $19 {[%emt 0:01:55][%mdl 4096] Endgame. KRR-KRR} Rac8 27. Rg1 (27. Rxa7 $142 Rxc2+ 28. Kg1) 27... Rxc2+ (27... Rxa4 28. Rgxg7+ Kf8 29. Ke1 $11) 28. Ke3 $2 (28. Kf1 $19 g5 (28... Rxh2 29. Rgxg7+ Kh8 30. Kg1 $11) (28... Rc1+ $2 29. Kg2 $19) 29. Rg2 Rc1+ 30. Kf2) 28... R8c3+ (28... Rxh2 29. Rgxg7+ Kh8 30. d5 $11) 29. Kf4 g5+ (29... Rxh2 $2 {is the wrong capture.} 30. Rexg7+ Kf8 31. Rg8+ Ke7 32. R1g7+ Kd6 33. Rd8+ (33. Rxa7 {leads to mate.} Rf2+ 34. Kg4 Rg2+ 35. Kf4 Rxg8 36. Ra6+ Kd5 37. Ra5+ Kxd4 38. Ra7 Rcg3 39. Rd7+ Kc5 40. Rc7+ Kd6) 33... Kc6 34. Rc8+ (34. Rxa7 $2 Rh4#) 34... Kd6 35. Rxc3 $18) (29... Rf2+ $142 30. Ke4 Re2+ (30... Rxh2 $2 {loses.} 31. Rexg7+ Kf8 32. Rg8+ Ke7 33. R1g7+ Kd6 34. Rd8+ Kc6 35. Rc8+ Kd6 36. Rxc3 $18) 31. Kf4 g5+ (31... Rxh2 $2 32. Rexg7+ Kf8 33. Rg8+ Ke7 34. R1g7+ Kd6 35. Rd8+ Kc6 36. Rc8+ Kd6 37. Rxc3 $18) 32. Rxg5+ fxg5+ 33. Kxg5 Re4 (33... Rxh2 $2 34. Rxe6 Rg2+ 35. Kf5 $19) (33... Rg2+ $2 34. Kf4 $19) 34. Rxa7 Rf3 (34... Rxd4 $2 35. Kf6 $19)) 30. Kg4 Rxh2 {[%emt 0:00:30][%csl Gg5][%cal Rh2h4] Black mates.} 31. Rxe6 Rh4+ 32. Kf5 Rf4# {[%emt 0:00:30] Weighted Error Value: White=0.52/Black=0.37.  Mistake:       	White=5     	Black=1      Inaccurate:     	White=3     	---        OK:         	White=7     	Black=7      Best:        	White=2     	Black=4      Strong:       	---       	Black=1} 0-1

[Event "BL 2024-25"]
[Site "Austria"]
[Date "2024.10.10"]
[Round "2.1"]
[White "Demchenko, Anton"]
[Black "Dragnev, Valentin"]
[Result "1-0"]
[ECO "C54"]
[WhiteElo "2602"]
[BlackElo "2562"]
[Annotator "RC"]
[PlyCount "73"]
[EventDate "2024.08.28"]
[EventType "team-tourn"]
[EventCountry "AUT"]
[SourceTitle "playchess.com"]
[Source "ChessBase"]
[SourceQuality "1"]
[WhiteTeam "Frauental"]
[BlackTeam "Ottakring"]
[TimeControl "40/5400+30:1800+30"]

1. e4 e5 2. Nf3 Nc6 3. Bc4 Bc5 4. c3 Nf6 5. d3 a6 6. O-O Ba7 7. Nbd2 O-O 8. Re1 Re8 9. a4 d6 10. Nf1 Be6 11. Bg5 h6 12. Bh4 Bxc4 13. dxc4 Re6 14. Qc2 g5 15. Bg3 Ne7 16. Ne3 Bxe3 17. fxe3 Qd7 18. a5 Qc6 19. Nd2 Rf8 20. b4 Nh5 21. Rf1 Ng7 22. Qd3 Qe8 23. Rab1 Kh8 24. c5 dxc5 25. Nb3 c4 26. Qxc4 Rc6 27. Qe2 Ng6 28. b5 Rxc3 29. Be1 Rxb3 30. Rxb3 axb5 31. Qxb5 Qxb5 32. Rxb5 b6 33. axb6 cxb6 34. Bb4 Rc8 35. Rxf7 Rc4 36. Rxb6 Kg8 37. Rff6 1-0

[Event "BL 2024-25"]
[Site "Austria"]
[Date "2024.10.10"]
[Round "2.2"]
[White "Papp, Gabor"]
[Black "Krivoborodov, Egor"]
[Result "1/2-1/2"]
[ECO "B36"]
[WhiteElo "2508"]
[BlackElo "2555"]
[Annotator "RC"]
[PlyCount "141"]
[EventDate "2024.08.28"]
[EventType "team-tourn"]
[EventCountry "AUT"]
[SourceTitle "playchess.com"]
[Source "ChessBase"]
[SourceQuality "1"]
[WhiteTeam "Ottakring"]
[BlackTeam "Frauental"]
[TimeControl "40/5400+30:1800+30"]

1. e4 c5 2. Nf3 g6 3. d4 cxd4 4. Nxd4 Nc6 5. c4 Nf6 6. Nc3 Nxd4 7. Qxd4 d6 8. Be2 Bg7 9. Be3 O-O 10. Qd3 Nd7 11. O-O Nc5 12. Qc2 Bxc3 13. Qxc3 Nxe4 14. Qd4 Nf6 15. Rad1 b6 16. Qh4 Bb7 17. Rd4 Re8 18. Rfd1 Nd7 19. Qh6 Nf8 20. h4 Ne6 21. Rg4 Ng7 22. Bd3 Qd7 23. Rg5 e5 24. h5 Re6 25. hxg6 fxg6 26. Qh3 Qf7 27. Bc2 Rf6 28. b4 Re8 29. Qh4 Ne6 30. c5 bxc5 31. bxc5 Nxg5 32. Bxg5 Rf4 33. Bxf4 Qxf4 34. Qxf4 exf4 35. Rxd6 Be4 36. Bb3+ Kg7 37. Rd7+ Kf6 38. c6 Bf5 39. Rxa7 Re1+ 40. Kh2 Rc1 41. Rf7+ Ke5 42. Rxh7 Rxc6 43. Rb7 g5 44. Rb5+ Kf6 45. f3 g4 46. fxg4 Bxg4 47. Rb8 Ke5 48. Re8+ Kd4 49. Rg8 Be2 50. Kg1 Bd3 51. Rd8+ Ke3 52. Re8+ Kd4 53. Rd8+ Ke3 54. Re8+ Kd4 55. Kf2 Be4 56. Rf8 Ke5 57. Re8+ Kd4 58. Bd1 Rc3 59. Rd8+ Ke5 60. Re8+ Kd4 61. Rd8+ Ke5 62. Rd2 Bd5 63. Rb2 Rd3 64. Bb3 Be4 65. Bc4 Rg3 66. Bf1 Ra3 67. Rb5+ Kd4 68. Rb4+ Ke5 69. Rb5+ Kd4 70. Rb4+ Ke5 71. Rb5+ 1/2-1/2